AoeStats
← mihai.flacaul

Arabia

509132699Analyzed
1v1 RM · 8d ago on Sep 25, 2026· 14m 30s· 2 players
Game mode
Random Map
Map size
Tiny (2 player)
Population
200
Speed
Normal
Resources
Standard
Victory
Conquest
Starting age
Dark Age
Ending age
Imperial Age
RankedLock teamsTeams togetherTeam positionsShared explorationLock speedFull tech treeHidden civsTurbo modeCheats
Victory
Defeat
🇪🇸 Hindustanis · Spain
1606
+15
🇷🇴 Varangians · Romania
1590
-15
mihai.flacaul
6:31 Loom
9:16 Feudal Age
9:43 Horse Collar
9:51 Double-Bit Axe
FDELC5634
5:03 Loom
9:31 Feudal Age
9:53 Man-at-Arms
10:55 Double-Bit Axe
12:58 Town Watch
Connection lost

Rejoining the realm…

Still unreachable

The connection could not be restored.

Session expired

The server has moved on; the page needs a fresh start.